 Dungeon Crawl Stone Soup version 0.30.1-3-gfc49f6343a (webtiles) character file.

Game seed: 12972758483850372864

113234 Zeor the Thaumaturge (level 17, -6/156 HPs)
             Began as a Djinni Ice Elementalist on July 27, 2023.
             Was the Champion of Qazlal.
             Mangled by an entropy weaver (9 damage)
             ... on level 1 of the Spider Nest on July 28, 2023.
             The game lasted 02:33:24 (26288 turns).

Zeor the Thaumaturge (Djinni Ice Elementalist)     Turns: 26288, Time: 02:33:26

Health: -6/156     AC:  0    Str: 11    XL:     17   Next: 17%
Gold:   86         EV: 22    Int: 36    God:    Qazlal [******] SH:  8 Dex: 15

rFire   + + .        a - +11 Singing Sword {sonic wave}
rCold   . . .        (no shield)
rNeg    + . .        i - melded +1 robe of Vines {NoPotionHeal Regen++++}
rPois   ∞            U - +2 helmet {Int+3}
rElec   +            S - +2 cloak of Hotuseur {rF+}
rCorr   .            b - melded +0 pair of gloves {Str+3}
SInv    +            (boots unavailable)
Will    +....        D - amulet "Ciosoeli" {Acrobat +Inv Slay+5}
Stlth   +            Q - ring of Relativism {rC+ MP+9 Int+6 Stlth+}
HPRegen 0.46/turn    T - ring "Kepninoc" {rPois rF- EV+5 Int+5 SInv}
MPRegen 0.00/turn

%: repel missiles, acrobat, infuse magic (-7 HP)
@: statue-form (expiring), liquefying, protected from physical damage, corroded,
freezing walls, flying, slowed movement, very slow
A: slow and powerful, torment resistance 1, flying, boosted hp, sickness
immunity, fire resistance 2, cold vulnerability 1, float, innate caster, HP
casting, extra vitality 1, sense surroundings 1, strong 1
a: End Transformation, Renounce Religion, Evoke Invisibility, Upheaval,
Elemental Force, Disaster Area


You were on level 1 of the Spider Nest.
You worshipped Qazlal.
Qazlal was exalted by your worship.
You were a living statue of rough stone.
You visited 5 branches of the dungeon, and saw 24 of its levels.
You also visited: Ossuary and Gauntlet.

You collected 2747 gold pieces.
You spent 2661 gold pieces at shops.

Inventory:

Hand Weapons
 a - the +11 Singing Sword (weapon) {sonic wave}
   (You found it on level 14 of the Dungeon)
 c - a +0 flail of holy wrath
 K - the +10 long sword of Oily Tenacity {venom, *Rage rF+ rN+ Int+2}
   (You found it on level 13 of the Dungeon)

   Int:       It affects your intelligence (+2).
   rF:        It protects you from fire.
   rN:        It protects you from negative energy.
   *Rage:     It berserks you when you make melee attacks (+20% chance).
Missiles
 r - a throwing net
 I - 7 curare-tipped darts
Armour
 b - a +0 pair of gloves of strength (melded)
 i - the +1 robe of Vines (melded) {NoPotionHeal Regen++++}
   (You bought it in a shop on level 1 of the Dungeon)

   NoPotionHeal: Its wearer cannot be healed by potions.
   Regen:     It increases your rate of health regeneration.
 j - a +3 leather armour of positive energy
 u - a +1 robe of willpower
 H - a +2 robe of the Archmagi
 S - the +2 cloak of Hotuseur (worn) {rF+}
   (You found it in a Gauntlet)

   rF:        It protects you from fire.
 U - a +2 helmet of intelligence (worn)
Magical Staves
 l - a staff of fire
 O - a staff of air
Jewellery
 n - a ring of willpower
 v - a ring of protection from fire
 D - the amulet "Ciosoeli" (around neck) {Acrobat +Inv Slay+5}
   (You acquired it on level 7 of the Dungeon)

   [amulet of the acrobat]

   It increases your evasion while moving and waiting.
   Slay:      It affects your accuracy & damage with ranged weapons and melee
   (+5).
   +Inv:      It lets you turn invisible.
 J - a ring of protection from fire
 N - the ring of the Zebra {rC+ Dex+6}
   (You found it in a Gauntlet)

   [ring of dexterity]

   Dex:       It affects your dexterity (+6).
   rC:        It protects you from cold.
 Q - the ring of Relativism (left fist) {rC+ MP+9 Int+6 Stlth+}
   (You found it in a Gauntlet)

   [ring of intelligence]

   Int:       It affects your intelligence (+6).
   rC:        It protects you from cold.
   MP:        It affects your magic capacity (+9).
   Stlth:     It makes you more stealthy.
 T - the ring "Kepninoc" (right fist) {rPois rF- EV+5 Int+5 SInv}
   (You took it off an ogre mage on level 15 of the Dungeon)

   [ring of evasion]

   EV:        It affects your evasion (+5).
   Int:       It affects your intelligence (+5).
   rF:        It makes you vulnerable to fire.
   rPois:     It protects you from poison.
   SInv:      It lets you see invisible.
Wands
 e - a wand of polymorph (9)
 p - a wand of roots (24)
 y - a wand of digging (8)
 z - a wand of charming (22)
 B - a wand of flame (20)
 F - a wand of quicksilver (8)
Scrolls
 d - 5 scrolls of magic mapping
 g - 7 scrolls of identify
 h - 5 scrolls of enchant weapon
 o - 2 scrolls of poison
 s - 6 scrolls of fear
 x - a scroll of brand weapon
 G - 7 scrolls of teleportation
 P - 6 scrolls of blinking
 R - 2 scrolls of enchant armour
Potions
 f - 17 potions of curing
 k - a potion of invisibility
 m - a potion of cancellation
 q - 2 potions of resistance
 t - 5 potions of might
 w - 3 potions of haste
 A - 4 potions of berserk rage
 C - a potion of brilliance
 E - 4 potions of ambrosia
 L - 4 potions of heal wounds
Miscellaneous
 M - a lightning rod (4/4)


   Skills:
 * Level 10.5 Fighting
 + Level 0.1(3.4) Short Blades
 + Level 5.7 Long Blades
 + Level 4.2 Maces & Flails
 + Level 0.3(2.8) Staves
 + Level 3.4 Armour
 + Level 9.8 Dodging
 - Level 3.2 Stealth
 + Level 6.5 Shields
 + Level 11.1 Unarmed Combat
 + Level 14.0 Spellcasting
 * Level 12.2 Invocations


You knew the following spells:

 Your Spells              Type           Power      Damage    Failure   Level
a - Freeze                Ice            100%       1d10      0%          1
b - Frozen Ramparts       Ice            100%       1d16      0%          3
c - Ozocubu's Armour      Ice            90%        N/A       0%          3
d - Summon Ice Beast      Ice/Summ       90%        N/A       1%          4
e - Apportation           Tloc           100%       N/A       0%          1
f - Blink                 Tloc           100%       N/A       0%          2
g - Passwall              Tmut/Erth      75%        N/A       0%          2
h - Ice Form              Ice/Tmut       90%        N/A       1%          4
i - Leda's Liquefaction   Hex/Erth       45%        N/A       1%          4
j - Summon Forest         Summ/Tloc      45%        N/A       1%          5
k - Statue Form           Tmut/Erth      60%        N/A       1%          6
l - Malign Gateway        Summ/Tloc      45%        N/A       4%          7
Your spell library was empty.

Dungeon Overview and Level Annotations

Branches:
Dungeon (15/15)            Temple (1/1) D:4            Lair (5/5) D:8
 Shoals (0/4) Lair:2       Spider (1/4) Lair:3          Orc (2/2) D:11
    Elf (0/3) Orc:2        Vaults (0/5) D:14         Depths (0/4) D:15
Ossuary (visited)         Gauntlet (visited)
  Slime: Lair:4-5

Altars:
Ashenzari
Cheibriados
Dithmenos
Elyvilon
Fedhas
Gozag
Hepliaklqana
Makhleb
Nemelex Xobeh
Okawaru
Qazlal
Ru
Trog
Uskayaw
Wu Jian
Xom
Yredelemnul
Zin
The Shining One

Shops:
D:1 [   D:3 *   D:8 !   D:10 [   Orc:2 !*[!

Annotations:
D:6 2 transporters
D:11 1 runed translucent door, 2 transporters, jsudlow's ghost, journeyman TrBe
Lair:5 exclusion: 4 oklob plants


Innate Abilities, Weirdness & Mutations

You are a living statue of rough stone.
Your actions are slow, but your melee attacks are powerful.
You are resistant to unholy torment.
You are flying.
Your maximum health is greatly increased.
Your equipment is partially melded.
You are immune to sickness and miasma.
You are immune to poison.
Your flesh is very heat resistant. (rF++)
You are vulnerable to cold. (rC-)
You float through the air rather than walking.
You learn spells naturally, not from books.
Your magical power is your life essence.
You have superior vitality. (+4 MHP)
You passively map a small area around you.
Your muscles are strong. (Str +4, Int/Dex -1)


Message History

You hear a faint skittering sound.
You hear a skittering sound.
The entropy weaver gestures at you while chanting.
The entropic weave corrodes you!
The wall freezes the entropy weaver.
You block the entropy weaver's attack. The entropy weaver hits you.
You feel more protected from physical attacks.
The entropy weaver closely misses you. The entropy weaver barely misses you.
The wall freezes the entropy weaver.
The entropy weaver hits you!
The entropy weaver hits you but does no damage.
The entropy weaver hits you. The entropy weaver misses you.
You closely miss the entropy weaver.
The entropy weaver is almost dead.
Your transformation is almost over.
The ground is no longer liquid beneath you.
You hear a hideous shriek!
The wall freezes the entropy weaver but does no damage.
The wall freezes the entropy weaver!
You kill the entropy weaver!
Qazlal accepts your kill.
The wall freezes the entropy weaver. x2
The entropy weaver casts a spell at you.
The entropic weave corrodes you!
Casting: Frozen Ramparts (safe; 0% risk of failure)
Confirm with . or Enter, or press ? or * to list all spells.
The ground around you becomes liquefied!
The wall freezes the entropy weaver!
You block the entropy weaver's attack. The entropy weaver hits you!
* * * LOW HITPOINT WARNING * * *
The entropy weaver hits you!
* * * LOW HITPOINT WARNING * * *
You feel more protected from physical attacks.
The entropy weaver hits you.
* * * LOW HITPOINT WARNING * * *
The wall freezes the entropy weaver.
The entropy weaver barely misses you. The entropy weaver hits you!
* * * LOW HITPOINT WARNING * * *
The entropy weaver hits you!
* * * LOW HITPOINT WARNING * * *
You feel more protected from physical attacks.
The entropy weaver hits you!
You die...

· ·· · ··
· · ^· ·
· ·· ░ ▒
·· ·░ ▒†s
░░
▒∙†∙∙▒▒▒▒
▒∙∙∙∙∙B8▒
· ·
▒∙∙†▒°†^▒
·▒
∙∙∙▒▒▒▒
▒∙∙ ▒∙∙
▒▒ ░


You could see an entropy weaver (struggling) and a jumping spider (struggling).

Vanquished Creatures
  Jorgrun (D:13)
  A frost giant (D:15)
  2 orc warlords
  A minotaur (Gauntlet)
  2 fire dragons (D:14)
  3 entropy weavers (Spider:1)
  A vault guard (D:14)
  An ogre mage (D:15)
  7 hydras
  4 centaur warriors
  5 two-headed ogres
  5 boulder beetles
  3 tengu warriors
  A thrashing horror (Gauntlet)
  8 death yaks
  Nergalle (D:10)
  Urug (Lair:4)
  A sixfirhy (Gauntlet)
  2 pharaoh ants (Spider:1)
  A skyshark (Lair:4)
  A skeletal warrior (D:14)
  Lodul (D:13)
  An orb spider (Spider:1)
  A wizard (Gauntlet)
  2 steelbarb worms (Spider:1)
  A lindwurm (Lair:5)
  A harpy (shapeshifter) (D:14)
  7 ugly things
  2 orc knights (Orc:2)
  5 deep elf pyromancers
  4 orc sorcerers
  2 wolf spiders
  5 cyclopes
  2 manticores
  A torpor snail (Lair:3)
  Joseph (D:8)
  21 elephants
  A merfolk siren (Lair:2)
  A black mamba (shapeshifter) (D:13)
  A demonic crawler (Spider:1)
  3 black mambas
  9 komodo dragons
  3 rime drakes
  A kobold demonologist (D:11)
  9 cane toads
  An efreet (D:15)
  A freezing wraith (D:14)
  An unseen horror (D:12)
  A yaktaur (D:15)
  A meliai (D:14)
  9 trolls
  7 polar bears
  3 hornets (Lair:5)
  4 tarantellas (Spider:1)
  13 blink frogs
  2 dream sheep (Lair:5)
  5 culicivoras (Spider:1)
  2 vampires
  9 spriggans (Lair:5)
  5 jumping spiders
  4 wraiths
  2 shadows
  3 basilisks
  36 yaks
  2 steam dragons
  A human (shapeshifter) (D:13)
  9 redbacks
  10 vampire mosquitoes
  4 wargs
  Menkaure (D:6)
  Edmund (D:4)
  2 acid dragons
  12 water moccasins
  35 orc warriors
  2 sky beasts (D:7)
  6 black bears
  16 ogres
  7 boggarts
  14 centaurs
  24 wolves
  2 phantoms
  5 kobold brigands
  14 bullfrogs
  A gnoll sergeant (D:9)
  3 scorpions
  2 elf zombies (Ossuary)
  14 wights
  16 killer bees
  11 howler monkeys
  A centaur zombie (Ossuary)
  2 gnoll boudas
  2 jellies
  13 orc priests
  5 hounds
  A sleepcap (D:5)
  3 iguanas
  14 orc wizards
  2 small abominations (Gauntlet)
  A mummy (Ossuary)
  5 adders
  15 gnolls
  A river rat (D:10)
  3 shadow imps
  2 white imps
  5 ufetubi
  2 adder zombies (Ossuary)
  2 worms
  A dart slug (D:3)
  60 orcs
  10 ball pythons
  3 bats (D:2)
  13 endoplasms
  6 giant cockroaches
  8 goblins
  4 hobgoblins
  3 jackals (D:2)
  24 kobolds
  5 quokkas
  7 frilled lizards
  2 goblin zombies (Ossuary)
  9 hobgoblin zombies (Ossuary)
  A jackal zombie (Ossuary)
  11 kobold zombies (Ossuary)
  7 orc zombies (Ossuary)
  7 rats
  A rat zombie (Ossuary)
  8 snaplasher vines
729 creatures vanquished.

Vanquished Creatures (collateral kills)
  An ogre mage (D:15)
  4 two-headed ogres
  2 death yaks (Lair:2)
  An orc knight (Orc:1)
  A moth of wrath (Spider:1)
  7 elephants (Lair:2)
  3 cane toads
  Maggie (D:7)
  A komodo dragon (Lair:2)
  A troll (Orc:2)
  A hornet (Lair:5)
  A tarantella (Spider:1)
  3 blink frogs (Lair:4)
  2 jumping spiders (Spider:1)
  Sigmund (D:2)
  A culicivora (Spider:1)
  4 spriggans (Lair:5)
  A basilisk (Lair:2)
  A redback (Spider:1)
  A water moccasin (D:9)
  14 orc warriors
  A black bear (Lair:5)
  7 ogres
  3 boggarts
  3 wolves (Lair:5)
  5 centaurs
  A howler monkey (D:9)
  An orc priest (Orc:1)
  An iguana (D:6)
  4 orc wizards
  A mummy (Ossuary)
  3 gnolls (D:3)
  19 orcs
  An endoplasm (D:3)
  A quokka (D:3)
  A jackal zombie (Ossuary)
104 creatures vanquished.

Vanquished Creatures (others)
  An eldritch tentacle (Spider:1)
  A redback (Spider:1)
  An orc warrior (Orc:2)
  A centaur (Orc:2)
  An orc (Orc:1)
  A butterfly (D:5)
  2 snaplasher vines
8 creatures vanquished.

Grand Total: 841 creatures vanquished

Notes
Turn   | Place    | Note
-------+----------+-------------------------------------------
     0 | D:1      | Zeor the Djinni Ice Elementalist began the quest for the
                  | Orb.
     0 | D:1      | Zeor set off with the following spells memorised: Freeze,
                  | Frozen Ramparts, Ozocubu's Armour, Summon Ice Beast.
     0 | D:1      | Reached XP level 1. HP: 15/15 MP: 0/0
    95 | D:1      | Reached XP level 2. HP: 18/21 MP: 0/0
   158 | D:1      | Found Bouthrai's Antique Armour Shoppe.
   279 | D:1      | Found a faded altar of an unknown god.
   538 | D:1      | Reached XP level 3. HP: 23/25 MP: 0/0
   538 | D:1      | Learned a level 1 spell: Apportation
   876 | D:2      | Reached skill level 4 in Spellcasting
   948 | D:2      | Reached XP level 4. HP: 24/31 MP: 0/0
  1096 | D:2      | Found a basalt altar of Yredelemnul.
  1106 | D:2      | Identified the ring of Uxkog {Dex+5 SInv}
  1111 | D:2      | Noticed Sigmund
  1124 | D:2      | Killed Sigmund
  1125 | D:2      | Reached skill level 1 in Fighting
  1125 | D:2      | Reached skill level 5 in Spellcasting
  1125 | D:2      | Reached XP level 5. HP: 12/37 MP: 0/0
  1125 | D:2      | Learned a level 2 spell: Blink
  1125 | D:2      | Reached XP level 6. HP: 14/42 MP: 0/0
  1759 | D:3      | Found Ygea's General Store.
  1946 | D:3      | Reached XP level 7. HP: 28/47 MP: 0/0
  1946 | D:3      | Learned a level 2 spell: Passwall
  2086 | D:3      | Bought a scroll of noise for 10 gold pieces
  2086 | D:3      | Bought a scroll of teleportation for 30 gold pieces
  2086 | D:3      | Bought a throwing net for 30 gold pieces
  2115 | D:3      | Found a sparkling altar of Nemelex Xobeh.
  2115 | D:3      | Found an opulent altar of Gozag.
  2430 | D:3      | Found a hide-covered altar of Uskayaw.
  2430 | D:3      | Found an iron altar of Okawaru.
  2461 | D:3      | Found a blossoming altar of Fedhas.
  2463 | D:3      | Found a basalt altar of Yredelemnul.
  2464 | D:3      | Found a faded altar of an unknown god.
  2738 | D:4      | Reached skill level 6 in Spellcasting
  2954 | D:4      | Noticed Edmund
  2963 | D:4      | Killed Edmund
  2965 | D:4      | Found a staircase to the Ecumenical Temple.
  2973 | Temple   | Entered the Ecumenical Temple
  3215 | Temple   | Became a worshipper of Qazlal Stormbringer
  3262 | D:4      | Reached XP level 8. HP: 47/52 MP: 0/0
  3554 | D:4      | Reached skill level 1 in Invocations
  3567 | D:4      | Gained mutation: Your muscles are strong. (Str +4, Int/Dex
                  | -1) [potion of mutation]
  3567 | D:4      | Gained mutation: You passively map a small area around you.
                  | [potion of mutation]
  3572 | D:4      | welp
  3573 | D:4      | Reached skill level 1 in Maces & Flails
  3599 | D:4      | huh
  4086 | D:5      | Entered Level 5 of the Dungeon
  4370 | D:1      | Bought a glowing leather armour for 130 gold pieces
  4689 | D:5      | Reached skill level 7 in Spellcasting
  4890 | D:5      | Reached XP level 9. HP: 40/58 MP: 0/0
  4890 | D:5      | Learned a level 4 spell: Ice Form
  4950 | D:5      | Reached * piety under Qazlal
  5266 | D:5      | Found a white marble altar of Elyvilon.
  5584 | D:6      | Found a transporter.
  5590 | D:6      | Noticed an orc high priest
  5591 | D:6      | Noticed a kobold demonologist
  5635 | D:6      | Noticed Menkaure
  5644 | D:6      | Killed Menkaure
  5645 | D:6      | Reached skill level 1 in Armour
  5785 | D:6      | Reached skill level 8 in Spellcasting
  6093 | D:6      | Found a transporter.
  6096 | D:6      | Noticed a kobold demonologist
  6308 | D:6      | Reached skill level 1 in Unarmed Combat
  6836 | D:7      | Noticed Maggie
  6845 | D:7      | Killed Maggie
  6846 | D:7      | Reached XP level 10. HP: 42/64 MP: 0/0
  6881 | D:7      | Found a sand-covered staircase.
  6891 | Ossuary  | Entered an ossuary
  6975 | Ossuary  | Reached ** piety under Qazlal
  7421 | D:7      | Reached *** piety under Qazlal
  7435 | D:7      | Reached skill level 1 in Shields
  7907 | D:7      | Identified a scroll of acquirement
  7907 | D:7      | Acquired the amulet "Ciosoeli" {Acrobat +Inv Slay+5}
  8336 | D:8      | Found an ornate altar of the Wu Jian Council.
  8526 | D:8      | Reached skill level 5 in Invocations
  8536 | D:8      | Reached skill level 9 in Spellcasting
  8725 | D:8      | Noticed an elephant
  8743 | D:8      | Killed an elephant
  8837 | D:8      | Noticed Joseph
  8857 | D:8      | Killed Joseph
  9291 | D:8      | Reached XP level 11. HP: 67/69 MP: 0/0
  9291 | D:8      | Learned a level 4 spell: Leda's Liquefaction
  9295 | D:8      | Found Sopsoar's Distillery.
  9302 | D:8      | Bought a potion of heal wounds for 60 gold pieces
  9302 | D:8      | Bought a potion of curing for 36 gold pieces
  9332 | D:8      | Reached skill level 5 in Dodging
  9415 | D:8      | Found a staircase to the Lair.
  9646 | D:9      | Reached **** piety under Qazlal
 10386 | D:9      | Noticed a two-headed ogre
 10406 | D:9      | Killed a two-headed ogre
 10410 | D:9      | Reached skill level 10 in Spellcasting
 11039 | D:10     | Entered Level 10 of the Dungeon
 11300 | D:10     | Reached ***** piety under Qazlal
 11450 | D:10     | Found a glowing silver altar of Zin.
 11563 | D:10     | Noticed Nergalle
 11578 | D:10     | Killed Nergalle
 11579 | D:10     | Reached skill level 5 in Unarmed Combat
 11579 | D:10     | Reached XP level 12. HP: 59/76 MP: 0/0
 11732 | D:10     | Found Roujeluo's Armour Emporium.
 11839 | D:10     | Found a glowing golden altar of the Shining One.
 12257 | Lair:1   | Entered Level 1 of the Lair of Beasts
 13595 | Lair:2   | Noticed a death yak
 13600 | Lair:2   | Noticed a death yak
 13602 | Lair:2   | Noticed a death yak
 13602 | Lair:2   | Noticed a death yak
 13605 | Lair:2   | Noticed a death yak
 13607 | Lair:2   | Noticed a death yak
 13616 | Lair:2   | Reached skill level 5 in Fighting
 13616 | Lair:2   | Reached skill level 11 in Spellcasting
 13822 | Lair:2   | Reached XP level 13. HP: 77/85 MP: 0/0
 13822 | Lair:2   | Learned a level 5 spell: Summon Forest
 13893 | Lair:2   | Noticed a seven-headed hydra
 13898 | Lair:2   | Killed a seven-headed hydra
 14423 | Lair:2   | Found a staircase to the Shoals.
 14703 | Lair:3   | Noticed a five-headed hydra
 14712 | Lair:3   | Killed a five-headed hydra
 15231 | Lair:3   | Noticed an eight-headed hydra
 15235 | Lair:3   | Killed an eight-headed hydra
 15493 | Lair:3   | Found a hole to the Spider Nest.
 15869 | Lair:4   | Reached XP level 14. HP: 94/94 MP: 0/0
 15928 | Lair:4   | Noticed Urug
 15938 | Lair:4   | Killed Urug
 15962 | Lair:4   | Reached skill level 12 in Spellcasting
 16025 | Lair:4   | Found a gate leading to a gauntlet.
 16034 | Gauntlet | Entered a Gauntlet
 16034 | Gauntlet | Found a transporter.
 16034 | Gauntlet | Found a transporter.
 16135 | Gauntlet | Found a transporter.
 16135 | Gauntlet | Found a transporter.
 16139 | Gauntlet | Found a transporter.
 16139 | Gauntlet | Found a transporter.
 16175 | Gauntlet | Found a transporter.
 16176 | Gauntlet | Found a transporter.
 16187 | Gauntlet | Found a transporter.
 16200 | Gauntlet | Found a transporter.
 16214 | Gauntlet | Found a transporter.
 16218 | Gauntlet | Found a transporter.
 16307 | Gauntlet | Identified the ring of Relativism {rC+ MP+9 Int+6 Stlth+}
 16355 | Gauntlet | Identified the +2 cloak of Hotuseur {rF+}
 16449 | Gauntlet | Noticed a minotaur
 16463 | Gauntlet | Killed a minotaur
 16621 | Gauntlet | Identified the ring of the Zebra {rC+ Dex+6}
 16716 | Lair:4   | Reached skill level 10 in Invocations
 17550 | Lair:5   | Entered Level 5 of the Lair of Beasts
 17708 | Lair:5   | Reached ****** piety under Qazlal
 18003 | Lair:5   | Reached XP level 15. HP: 85/103 MP: 0/0
 18003 | Lair:5   | Learned a level 6 spell: Statue Form
 18457 | Lair:5   | Reached skill level 5 in Shields
 18531 | Lair:5   | Reached skill level 1 in Long Blades
 19587 | D:11     | Found a staircase to the Orcish Mines.
 19759 | D:11     | Reached skill level 10 in Unarmed Combat
 19759 | D:11     | Reached skill level 13 in Spellcasting
 19917 | D:11     | Found a runed translucent door.
 19918 | D:11     | Noticed a balrug
 20012 | D:11     | Found a transporter.
 20019 | D:11     | Noticed jsudlow's ghost (journeyman TrBe)
 20226 | D:11     | Found a transporter.
 21277 | D:13     | Noticed Jorgrun
 21286 | D:13     | Killed Jorgrun
 21391 | D:13     | Noticed Lodul
 21402 | D:13     | Killed Lodul
 22238 | D:13     | Identified the +10 long sword of Oily Tenacity {venom,
                  | *Rage rF+ rN+ Int+2}
 22495 | D:14     | Reached XP level 16. HP: 112/112 MP: 0/0
 22915 | D:14     | Found the +11 Singing Sword {sonic wave}
 22994 | D:14     | Found a gate to the Vaults.
 23062 | D:15     | Entered Level 15 of the Dungeon
 23116 | D:15     | Paralysed by an ogre mage for 5 turns
 23428 | D:15     | Identified the +2 cloak "Wolyd" {Harm *Corrode +Inv Will-}
 23947 | D:15     | Noticed a frost giant
 23953 | D:15     | Killed a frost giant
 23954 | D:15     | Found a staircase to the Depths.
 24033 | D:15     | Identified the ring "Kepninoc" {rPois rF- EV+5 Int+5 SInv}
 24326 | Orc:1    | Entered Level 1 of the Orcish Mines
 24574 | Orc:1    | Reached skill level 10 in Fighting
 24835 | Orc:2    | Entered Level 2 of the Orcish Mines
 24941 | Orc:2    | Reached skill level 5 in Long Blades
 25164 | Orc:2    | Found Ciklolox's Antique Armour Shoppe.
 25164 | Orc:2    | Found Awue's Assorted Antiques.
 25164 | Orc:2    | Found Geitor's Distillery.
 25167 | Orc:2    | Found Qidiwniq's Distillery.
 25173 | Orc:2    | Bought a scroll of blinking for 150 gold pieces
 25173 | Orc:2    | Bought a scroll of teleportation for 60 gold pieces
 25180 | Orc:2    | Bought a potion of heal wounds for 75 gold pieces
 25434 | Orc:2    | Found a staircase to the Elven Halls.
 25668 | D:1      | Bought the +1 robe of Vines {NoPotionHeal Regen++++} for
                  | 2080 gold pieces
 25668 | D:1      | Found the +1 robe of Vines {NoPotionHeal Regen++++}
 26225 | Spider:1 | Entered Level 1 of the Spider Nest
 26245 | Spider:1 | Reached XP level 17. HP: 116/120 MP: 0/0
 26245 | Spider:1 | Learned a level 7 spell: Malign Gateway
 26262 | Spider:1 | Reached skill level 14 in Spellcasting
 26288 | Spider:1 | HP: 3/156 [entropy weaver (7)]
 26288 | Spider:1 | Mangled by an entropy weaver

Illustrated notes ∙▒▒∙▒∙∙∙∙∙∙∙∙∙∙▒▒▒▒ ∙▒▒∙†∙z∙z∙∙∙∙∙∙∙∙∙∙ ∙∙∙∙∙∙∙∙z∙∙∙∙∙∙∙∙∙∙

∙▒▒†∙∙∙z∙∙∙∙∙▒▒▒▒∙▒░░
∙▒▒∙▒∙∙z▒▒∙∙▒▒▒▒▒∙▒
∙∙∙∙∙∙▒▒▒▒∙∙∙∙∙▒▒z▒
▒▒▒∙▒▒▒ ▒▒∙▒▒∙▒▒z▒
░▒∙▒ ▒∙▒▒∙▒▒z▒ ∙∙∙
▒∙∙∙∙∙♣z▒ ░ ▒▒▒▒∙▒▒▒▒
· ▒∙▒ ▒▒▒∙▒ · ·░
▒▒∙▒∙▒ ░░ ░ ▒▒∙∙∙∙▒
▒∙∙∙∙∙▒ ▒▒∙∙∙▒▒ ▒
▒▒∙▒▒


Turn 3572 on D:4: welp ∙▒▒∙▒∙∙∙∙∙∙∙∙∙∙▒▒▒▒ ∙▒▒∙†∙z∙z∙∙∙∙∙∙∙∙∙∙
∙∙∙∙∙∙∙∙z∙∙∙∙∙∙∙∙∙∙ ∙▒▒†∙∙∙z∙∙∙∙∙▒▒▒▒∙▒░░ ∙▒▒∙▒∙∙z▒▒∙∙▒▒▒▒▒∙▒
∙∙∙∙∙∙▒▒▒▒∙∙∙∙∙▒▒∙▒ ▒▒▒∙▒▒▒ ▒▒∙▒▒∙▒▒)▒ ░▒∙▒ ▒∙▒▒∙▒▒)▒ ∙∙∙ ▒∙∙∙∙∙R)▒ ░ ▒▒▒▒∙▒▒▒▒
· ▒∙▒ ▒▒▒∙▒ · ·░ ▒▒∙▒∙▒ ░░ ░ ▒▒∙∙∙∙▒ ▒∙∙∙∙∙▒ ▒▒∙∙∙▒▒ ▒ ▒▒∙▒▒ Turn 3599 on D:4:
huh

Levels and vault maps discovered:
D:1:      dpeg_arrival_fog, layout_basic, ebering_ecumenical_altar_mist,
          serial_shops, nicolae_shop_temple_entry_statues_fountains
D:2:      layout_basic, basic_altar, uniq_sigmund
D:3:      layout_loops_ring, grunt_temple_overflow_opulence,
          lemuel_blue_sif_altar, chequers_temple_overflow_minitemple,
          serial_shops, shop, nicolae_grassy_gnolls
D:4:      layout_loops_cross, minmay_temple_entry_purple_smoke, uniq_edmund
D:5:      layout_loops_corners, nicolae_elyvilon_peaceful_grove,
          amcnicky_mini_pool_medium
D:6:      gammafunk_wand_slinger, layout_basic, uniq_menkaure
D:7:      layout_layer_cave, nicolae_ossuary_entry_ruins, uniq_maggie
D:8:      layout_loops_ring, nzn_wu_jian_contemplation, david_lair_generic,
          serial_shops, shop, uniq_joseph
D:9:      layout_roguey, minmay_joined_circles
D:10:     layout_stronghold, nicolae_overflow_crystal_walls, vehumet_crystals,
          lemuel_crystal_altar, serial_shops, nicolae_square_shop, pond,
          uniq_nergalle
D:11:     dreamdust_dug_too_deep, layout_basic, orc_0_dummy,
          gammafunk_ghost_berserking_beasts
D:12:     layout_long_grid
D:13:     layout_small_grid, uniq_jorgrun, uniq_lodul
D:14:     layout_basic, david_vaults_5
D:15:     grunt_enter_depths_snipers, layout_long_grid, corexii_leaking_fountain
Temple:   chequers_temple_sunken
Lair:1:   layout_hall_layers
Lair:2:   layout_cave_shapes, minmay_shoals_entry_lonely_mermaid,
          chequers_serial_rivers_marsh, serial_bayou_shore_a,
          grunt_megastairs_1, lemuel_fruit_tree
Lair:3:   layout_regular_city, spider_nest_entry_funnel_web,
          kilobyte_rumbling_trees
Lair:4:   layout_small_grid, gauntlet_entry_generic, uniq_urug
Lair:5:   minmay_lair_end_enchanted_forest, layout_cellular_growth,
          minmay_slime_entry_oklob_open, minivault_23, grunt_megastairs_4,
          serial_bayou_shore_b
Spider:1: layout_spider_delve
Orc:1:    layout_caves, mines2_lemuel
Orc:2:    st_orc_rangers, layout_caves, basic_altar

Skill      XL: |  1  2  3  4  5  6  7  8  9 10 11 12 13 14 15 16 17 |
---------------+----------------------------------------------------+-----
Spellcasting   | 4 5 6 7 8 9 10 11 12 13 14 | 14.0
Fighting       | 1 2 3 5 6 8 9 10 | 10.5
Stealth        | 2 3 |  3.2
Dodging        | 3 4 5 6 7 8 9 |  9.8
Invocations    | 2 4 5 7 8 9 10 11 12 | 12.2
Maces & Flails | 2 3 4 |  4.2
Armour         | 2 3 |  3.4
Unarmed Combat | 1 3 5 6 8 9 10 11 | 11.1
Shields        | 2 3 4 5 6 |  6.5
Long Blades    | 1 5 |  5.7
Short Blades   | |  0.1
Staves         | |  0.3

Action                     |  1- 3 |  4- 6 |  7- 9 | 10-12 | 13-15 | 16-18 || total
---------------------------+-------+-------+-------+-------+-------+-------++-------
  Melee: Unarmed           |     2 |       |    29 |   219 |   400 |    75 ||   725
         Short sword       |     8 |    10 |       |       |       |       ||    18
         Flail             |       |       |    57 |   113 |     8 |       ||   178
         Staff             |       |       |    20 |       |       |       ||    20
         Punch             |       |       |     1 |     3 |    13 |    10 ||    27
         Scimitar          |       |       |       |       |    26 |       ||    26
         Double sword      |       |       |       |       |       |   102 ||   102
   Cast: Freeze            |    48 |    30 |    58 |    41 |    30 |     4 ||   211
         Frozen Ramparts   |     3 |     9 |    31 |    52 |    88 |    33 ||   216
         Apportation       |     1 |       |       |       |       |       ||     1
         Ozocubu's Armour  |       |     2 |    11 |    21 |    18 |       ||    52
         Summon Ice Beast  |       |     2 |     5 |     3 |     4 |     1 ||    15
         Ice Form          |       |       |     7 |    23 |    30 |     1 ||    61
         Leda's Liquefacti |       |       |       |    12 |    21 |     9 ||    42
         Summon Forest     |       |       |       |       |    10 |     9 ||    19
         Statue Form       |       |       |       |       |    21 |    19 ||    40
         Blink             |       |       |       |       |     1 |       ||     1
         Passwall          |       |       |       |       |       |     1 ||     1
         Malign Gateway    |       |       |       |       |       |     1 ||     1
 Invoke: Elemental Force   |       |       |       |     1 |       |     1 ||     2
         Disaster Area     |       |       |       |     1 |       |     1 ||     2
         Upheaval          |       |       |       |       |       |     5 ||     5
    Use: Scroll            |     3 |     2 |     9 |    11 |     3 |     2 ||    30
         Potion            |       |       |     6 |     3 |     1 |       ||    10
   Stab: Sleeping          |     4 |     1 |     3 |       |       |       ||     8
 Armour: Robe              |     5 |     9 |    12 |     6 |     8 |    10 ||    50
         Skin              |       |       |    41 |    69 |   133 |    81 ||   324
         Leather armour    |       |       |     7 |    33 |       |       ||    40
  Dodge: Dodged            |    22 |    36 |   115 |   262 |   303 |   265 ||  1003
         Repelled          |       |       |       |       |     2 |     3 ||     5
  Block: Other             |       |       |     3 |    90 |   154 |   122 ||   369
